 Dungeon Crawl Stone Soup version 0.29-a0-275-g389c0b56f3 (webtiles) character file.

Game seed: 764281093699080680

844 jt the Bolt Thrower (level 8, -2/51 HPs)
             Began as a Kobold Arcane Marksman on Mar 10, 2022.
             Was an Initiate of Fedhas.
             Slain by a black bear (3 damage)
             ... on level 6 of the Dungeon.
             The game lasted 00:11:22 (6508 turns).

jt the Bolt Thrower (Kobold Arcane Marksman)        Turns: 6508, Time: 00:11:22

Health: -2/51      AC:  5    Str:  7    XL:     8   Next: 20%
Magic:  11/11      EV: 16    Int: 14    God:    Fedhas [......]
Gold:   330        SH:  0    Dex: 18    Spells: 10/11 levels left

rFire   . . .      SeeInvis .   a - +1 hand crossbow
rCold   + . .      Faith    .   (no shield)
rNeg    . . .      Spirit   .   b - +1 robe
rPois   .          Reflect  .   l - +0 helmet
rElec   .          Harm     .   s - +0 cloak
rCorr   +          Rampage  .   (no gloves)
Will    .....                   (no boots)
Stlth   +++.......              z - amulet of regeneration
HPRegen 0.97/turn               d - ring of resist corrosion
MPRegen 0.12/turn               i - ring of protection from cold

@: no status effects
A: small, no large weapons, nightstalker 3
a: Renounce Religion


You were on level 6 of the Dungeon.
You worshipped Fedhas.
Fedhas was noncommittal.
You visited 2 branches of the dungeon, and saw 7 of its levels.

You collected 330 gold pieces.

Inventory:

Hand Weapons
 a - a +1 hand crossbow (weapon)
 n - a +3 dagger
 r - a +0 spear
Missiles
 e - 4 curare-tipped darts
 h - 104 stones
 m - 7 poisoned darts
Armour
 b - a +1 robe (worn)
 l - a +0 helmet (worn)
 s - a +0 cloak (worn)
 v - a +3 scale mail of willpower
Magical Staves
 y - a staff of fire
Jewellery
 d - a ring of resist corrosion (left hand)
 i - a ring of protection from cold (right hand)
 z - an amulet of regeneration (around neck)
Wands
 u - a wand of iceblast (2)
Scrolls
 c - 2 scrolls of vulnerability
 f - a scroll of teleportation
 j - 2 scrolls of identify
 x - 6 scrolls of enchant weapon
 A - 2 scrolls of immolation
Potions
 g - a potion of brilliance {unknown}
 k - a potion of flight
 o - 2 potions of curing
 q - a potion of lignification {unknown}
 t - a potion of resistance
 w - a potion of cancellation {unknown}
 B - a potion of magic {unknown}
 C - a potion of attraction
 D - a potion of berserk rage {unknown}


   Skills:
 + Level 5.9 Fighting
 + Level 7.7 Crossbows
 - Level 2.0 Throwing
 - Level 3.3 Dodging
 - Level 2.1 Spellcasting
 - Level 3.5 Hexes


You had 10 spell levels left.
You knew the following spells:

 Your Spells              Type           Power      Damage    Failure   Level
a - Slow                  Hex            44%        N/A       5%          1

Your spell library contained the following spells:

 Spells                   Type           Power      Damage    Failure   Level
 Freeze                   Ice            4%         1d3       24%         1
 Summon Small Mammal      Summ           4%         N/A       24%         1
 Corpse Rot               Necr/Air       2%         N/A       34%         2
 Poisonous Vapours        Pois/Air       2%         N/A       34%         2
 Static Discharge         Conj/Air       1%         N/A       34%         2
 Inner Flame              Hex/Fire       6%         N/A       34%         3
 Portal Projectile        Hex/Tloc       12%        N/A       34%         3
 Summon Guardian Golem    Hex/Summ       6%         N/A       34%         3
 Cause Fear               Hex            5%         N/A       50%         4
 Call Canine Familiar     Summ           1%         N/A       56%         3
 Conjure Flame            Conj/Fire      1%         6-21      56%         3
 Frozen Ramparts          Ice            2%         1d2       56%         3
 Gell's Gravitas          Tloc           1%         N/A       56%         3
 Ignite Poison            Fire/Tmut/Pois 1%         N/A       56%         3
 Lesser Beckoning         Tloc           1%         N/A       56%         3
 Teleport Other           Tloc           1%         N/A       56%         3
 Hailstorm                Conj/Ice       1%         3d3       93%         4
 Sticky Flame             Conj/Fire      1%         2d3       93%         4
 Lightning Bolt           Conj/Air       0%         1d11      100%        5
 Maxwell's Capacitive Co  Air            0%         ∞         100%        8
 Chain Lightning          Conj/Air       0%         2d1       100%        9
 Fire Storm               Conj/Fire      0%         6d1       100%        9
 Shatter                  Erth           0%         3d5*      100%        9


Dungeon Overview and Level Annotations

Branches:
Dungeon (6/15)             Temple (1/1) D:4

Altars:
Ashenzari
Cheibriados
Dithmenos
Fedhas
Gozag
Hepliaklqana
Kikubaaqudgha
Makhleb
Nemelex Xobeh
Okawaru
Qazlal
Ru
Sif Muna
Trog
Uskayaw
Vehumet
Wu Jian
Xom
Zin

Annotations:
D:2 Terence
D:3 1 runed translucent door


Innate Abilities, Weirdness & Mutations

You are small and have problems with some larger weapons.
You are completely attuned to the shadows.


Message History

You shoot a bolt.
The bolt closely misses the steam dragon.
The bolt hits the black bear.
The black bear is lightly wounded.
The steam dragon bites you! The steam dragon misses you.
You shoot a bolt. The bolt hits the steam dragon.
The steam dragon is almost dead.
The steam dragon barely misses you. The steam dragon claws you.
You are too injured to fight recklessly!
Shoot: a) +1 hand crossbow
Press: ? - help, Q - select action, (/) - cycle Shift-Dir - straight line, f/p - steam dragon
Aim: a steam dragon (almost dead, catching its breath, 68% to hit)
You shoot a bolt.
The bolt closely misses the steam dragon.
The steam dragon bites you but does no damage.
The steam dragon misses you. The black bear closely misses you.
The black bear claws you. The black bear completely misses you.
The steam dragon breathes steam at you. The ball of steam hits you!
* * * LOW HITPOINT WARNING * * *
The black bear barely misses you. The black bear claws you.
* * * LOW HITPOINT WARNING * * *
The black bear claws you.
* * * LOW HITPOINT WARNING * * *
You hear a shout! x3
You feel better.
You are engulfed in a cloud of scalding steam.
* * * LOW HITPOINT WARNING * * *
The steam dragon misses you. x2
The black bear bites you but does no damage.
The black bear closely misses you. The black bear claws you.
* * * LOW HITPOINT WARNING * * *
As you read the scroll labelled JIAMOONNAR, it crumbles to dust.
The scroll dissolves into smoke.
It was a scroll of fog.
The steam dragon completely misses you. The steam dragon barely misses you.
The black bear misses you. The black bear claws you.
* * * LOW HITPOINT WARNING * * *
The black bear claws you.
You die...
Fedhas appreciates your contribution to the ecosystem.

.......#
.......
...§...#
...§§Dh#
...§§@#
...§§§####
.....##...
........#
....#..##
...##..#
..# ##.#
.. #.##
#..##


You could see a steam dragon (catching breath) and a black bear.

Vanquished Creatures
  An ice beast (D:5)
  An ogre (D:5)
  3 wights (D:5)
  6 hounds
  A jelly (D:4)
  Ijyb (D:4)
  2 iguanas
  An orc wizard (D:5)
  Robin (D:2)
  3 gnolls (D:3)
  6 adders
  A dart slug (D:5)
  5 orcs
  5 bats
  7 endoplasms
  5 giant cockroaches
  18 goblins
  10 hobgoblins
  5 jackals
  5 quokkas
  7 ball pythons
  5 frilled lizards
  10 kobolds
  A rat (D:1)
  A spectral goblin (D:4)
111 creatures vanquished.

Notes
Turn   | Place    | Note
-------+----------+-------------------------------------------
     0 | D:1      | jt the Kobold Arcane Marksman began the quest for the Orb.
     0 | D:1      | Reached XP level 1. HP: 12/12 MP: 2/2
   126 | D:1      | Reached XP level 2. HP: 13/16 MP: 3/3
   237 | D:1      | Reached skill level 3 in Crossbows
   468 | D:1      | Reached XP level 3. HP: 6/20 MP: 3/5
   760 | D:1      | Found a faded altar of an unknown god.
  1443 | D:2      | Noticed Robin
  1882 | D:2      | Noticed Terence
  2136 | D:3      | Reached XP level 4. HP: 26/26 MP: 6/6
  2569 | D:3      | Reached XP level 5. HP: 28/31 MP: 8/8
  2656 | D:3      | Found an ornate altar of the Wu Jian Council.
  2828 | D:2      | Killed Robin
  2829 | D:2      | Reached skill level 4 in Crossbows
  3451 | D:3      | Found a runed translucent door.
  3742 | D:3      | Reached skill level 1 in Throwing
  4275 | D:4      | Reached XP level 6. HP: 37/37 MP: 9/9
  4357 | D:4      | Reached skill level 5 in Crossbows
  4406 | D:4      | Noticed Ijyb
  4424 | D:4      | Killed Ijyb
  4604 | D:4      | Found a staircase to the Ecumenical Temple.
  4610 | Temple   | Entered the Ecumenical Temple
  4871 | Temple   | Became a worshipper of Fedhas Madash
  4918 | D:4      | Reached XP level 7. HP: 40/43 MP: 10/10
  5535 | D:4      | Found a hazy altar of Hepliaklqana.
  5615 | D:4      | Found a bloodstained altar of Trog.
  5615 | D:4      | Found a burning altar of Makhleb.
  5682 | D:5      | Entered Level 5 of the Dungeon
  5930 | D:5      | Reached skill level 6 in Crossbows
  6105 | D:5      | Found a broken altar of Ashenzari.
  6120 | D:5      | Reached skill level 5 in Fighting
  6170 | D:5      | Reached skill level 7 in Crossbows
  6207 | D:5      | Reached XP level 8. HP: 50/50 MP: 11/11
  6507 | D:6      | HP: 1/51 [steam dragon] (12)]
  6508 | D:6      | Slain by a black bear

Illustrated notes

Levels and vault maps discovered:
D:1:      amcnicky_arrival_double_pillar, layout_basic,
          ebering_ecumenical_altar_sacrificial, minmay_pentomino_t2
D:2:      layout_loops_ring, minmay_between, uniq_robin, uniq_terence
D:3:      layout_loops_ring, nicolae_overflow_crystal_walls,
          ebering_ghost_reflecting_pool
D:4:      minmay_wonky_spiral, layout_basic,
          nicolae_hepliaklqana_monster_ancestors,
          gammafunk_temple_overflow_wave, minmay_temple_entry_stoned_glass,
          hangedman_minor_gate_pass, uniq_ijyb
D:5:      layout_basic, ashenzari_altar_1, dreamdust_princess_bridge
D:6:      layout_layer_cave, lemuel_doored_altar
Temple:   dpeg_chambers_temple

Skill      XL: |  1  2  3  4  5  6  7 |
---------------+----------------------+-----
Crossbows      | 3 4 5 7 |  7.7
Dodging        | 3 |  3.3
Fighting       | 2 3 4 5 |  5.9
Spellcasting   | 2 |  2.1
Throwing       | 1 2 |  2.0
Hexes          | |  3.5

Action                   |  1- 3 |  4- 6 |  7- 9 || total
-------------------------+-------+-------+-------++-------
 Fire: Hand crossbow     |   107 |   161 |   128 ||   396
Throw: Dart              |       |     4 |     1 ||     5
 Cast: Slow              |     1 |     1 |       ||     2
  Use: Scroll            |     5 |       |     3 ||     8
       Potion            |       |     3 |     1 ||     4
Armor: Robe              |    11 |    27 |    15 ||    53
Dodge: Dodged            |    62 |   102 |    69 ||   233

Table legend: (Time is in decaauts)
 A = Elapsed time spent in this place.
 B = Non-inter-level travel time spent in this place.
 C = Inter-level travel time spent in this place.
 D = Time resting spent in this place.
 E = Time spent auto-exploring this place.
 F = Levels seen in this place.
 G = Mean time per level.
                   A        B        C        D        E       F      G
               +--------+--------+--------+--------+--------+-----+--------+
         Total |   6615 |   6378 |    237 |   1347 |   3742 |   7 |  945.0 |
       Dungeon |   6332 |   6129 |    203 |   1347 |   3510 |   6 | 1055.3 |
        Temple |    282 |    248 |     34 |      0 |    232 |   1 |  282.0 |
               +--------+--------+--------+--------+--------+-----+--------+

Top non-repeatable levels by time:
     D:2: 1486 daAuts
     D:1: 1453 daAuts
     D:3: 1375 daAuts
     D:4: 1174 daAuts
     D:5: 783 daAuts
  Temple: 282 daAuts
     D:6: 58 daAuts
